Map: Reclamation LE

Players

Notausername

  • Race: Protoss Protoss
  • League: Grandmaster
  • Spawn Location: 6:00

Excel

  • Race: Protoss Protoss
  • League: Diamond
  • Spawn Location: 5:00

ShipRiteMike - Winner!

  • Race: Zerg Zerg
  • League: Platinum
  • Spawn Location: 12:00

StickLane - Winner!

  • Race: Protoss Protoss
  • League: Diamond
  • Spawn Location: 11:00

VOD

Have the link to the VOD?

Description

Time

  • Played on: May 1, 2023, 7:54 p.m.
  • Length: 11:11
Show
View Real Time Build Order
Export as new Build Order

Notausername Protoss 

Build Orders: 1 Gate Expand, Blink Stalkers 

Get SALT Encoding   

  12  0:00  Probe  
  13  0:12  Probe  
  14  0:22  Pylon  
  14  0:24  Probe  
  15  0:40  Probe (Chrono Boost)  
  16  0:45  Gateway  
  17  0:51  Assimilator, Probe (Chrono Boost)  
  17  0:56  Probe (Chrono Boost)  
  18  1:06  Probe  
  19  1:18  Probe  
  20  1:25  Nexus  
  20  1:37  Cybernetics Core  
  20  1:39  Probe (Chrono Boost)  
  21  1:49  Assimilator, Probe (Chrono Boost)  
  22  1:54  Pylon  
  22  1:57  Probe  
  23  2:12  Probe  
  23  2:13  Stalker, Warp Gate  
  26  2:24  Probe (Chrono Boost)  
  26  2:25  Twilight Council  
  27  2:33  Probe (Chrono Boost)  
  28  2:38  Probe (Chrono Boost)  
  28  2:39  Probe  
  30  2:50  Gateway  
  30  2:51  Probe  
  30  2:53  Probe  
  30  2:54  Blink (Chrono Boost)  
  32  3:03  Probe  
  32  3:05  Probe  
  34  3:12  Stalker  
  36  3:15  Probe  
  36  3:17  Probe  
  38  3:20  Pylon  
  38  3:28  Probe  
  38  3:29  Probe  
  40  3:37  Stalker  
  40  3:40  Probe  
  43  3:41  Probe  
  44  3:51  Gateway  
  44  3:52  Probe  
  44  3:53  Probe, Gateway  
  46  4:00  Pylon  
  46  4:02  Stalker  
  46  4:04  Probe  
  46  4:05  Probe  
  50  4:15  Stalker  
  50  4:16  Probe  
  53  4:17  Probe  
  54  4:28  Probe  
  54  4:29  Stalker, Probe  
  58  4:32  Pylon, Nexus  
  58  4:40  Probe  
  58  4:42  Probe  
  61  4:53  Pylon, Stalker  
  61  4:54  Stalker x2  
  61  4:55  Assimilator  
  66  5:01  Assimilator  
  62  5:10  Stalker  
  62  5:13  Probe x2  
  62  5:18  Stalker x3  
  68  5:25  Probe x2  
  68  5:49  Stalker x2  
  70  5:50  Stalker x2  
  70  5:51  Probe x2  
  74  6:06  Probe  
  74  6:07  Probe  
  74  6:10  Gateway, Probe  
  77  6:12  Gateway, Robotics Facility  
  77  6:14  Gateway  
  77  6:15  Stalker, Gateway  
  77  6:18  Adept x3, Probe  
  85  6:19  Probe  
  85  6:22  Probe  
  82  6:31  Probe x2  
  79  6:34  Probe  
  77  6:43  Probe x2  
  77  6:46  Probe  
  80  6:53  Pylon  
  80  6:54  Pylon  
  80  6:55  Probe x2  
  80  6:58  Probe  
  82  7:07  Stalker x4, Probe x2  
  92  7:12  Pylon  
  92  7:14  Pylon  
  61  7:30  Stalker x4  
  61  7:36  Stalker  
  69  7:37  Sentry x2  
  69  7:39  Sentry  
  73  7:49  Probe (Chrono Boost)  
  76  7:52  Probe x2 (Chrono Boost)  
  76  8:02  Probe (Chrono Boost)  
  79  8:06  Probe x2 (Chrono Boost)  
  79  8:08  Stalker x4, Probe (Chrono Boost)  
  88  8:15  Sentry x4  
  96  8:28  Probe (Chrono Boost)  
  96  8:29  Probe (Chrono Boost)  
  96  8:30  Probe (Chrono Boost), Nexus  
  99  8:34  Assimilator  
  99  8:39  Assimilator, Probe x2 (Chrono Boost)  
  99  8:40  Probe (Chrono Boost)  
  102  8:42  Charge (Chrono Boost)  
  102  8:44  Probe x3 (Chrono Boost)  
  103  9:02  Stalker  
  103  9:03  Stalker x6  
  117  9:20  Probe x2  
  117  9:22  Probe  
  106  9:30  Zealot x7  
  116  9:32  Probe  
  116  9:33  Pylon  
  116  9:34  Pylon  
  117  9:41  Probe x2  
  117  9:44  Probe  
  94  9:53  Probe  
  76  10:05  Stalker x5  
  76  10:06  Stalker x3, Probe  
  76  10:07  Probe  
  66  10:27  Probe x2  
  45  10:36  Stalker x2  
  45  10:39  Probe  
  49  10:44  Probe  
  49  10:51  Probe  
  49  10:56  Probe  
  50  11:00  Stalker x2  
Show
View Real Time Build Order
Export as new Build Order

Excel Protoss 

Build Orders: 1 Gate Expand, Colossus Rush 

Get SALT Encoding   

  12  0:02  Probe  
  13  0:14  Probe  
  14  0:23  Pylon  
  14  0:26  Probe  
  15  0:41  Probe  
  16  0:44  Gateway  
  16  0:47  Assimilator  
  16  0:53  Probe (Chrono Boost)  
  17  1:03  Probe (Chrono Boost)  
  18  1:13  Probe  
  19  1:24  Nexus  
  19  1:27  Probe  
  20  1:39  Cybernetics Core  
  20  1:44  Pylon  
  21  1:47  Probe  
  21  1:51  Assimilator  
  21  2:03  Probe  
  21  2:06  Warp Gate  
  22  2:14  Stalker (Chrono Boost)  
  22  2:15  Probe  
  25  2:27  Probe  
  26  2:37  Stalker  
  26  2:39  Probe x2  
  29  2:51  Probe x2  
  31  2:59  Robotics Facility  
  31  3:01  Assimilator  
  31  3:03  Probe x2  
  33  3:15  Probe  
  33  3:16  Probe  
  35  3:25  Nexus  
  35  3:27  Pylon  
  35  3:31  Probe x2 (Chrono Boost)  
  39  3:42  Probe (Chrono Boost)  
  39  3:43  Probe (Chrono Boost), Shield Battery  
  39  3:48  Robotics Bay  
  39  3:49  Probe x2 (Chrono Boost)  
  41  3:56  Observer (Chrono Boost)  
  41  4:01  Probe x2  
  44  4:09  Stalker  
  46  4:13  Probe x2  
  48  4:21  Pylon  
  48  4:25  Probe x2  
  48  4:28  Gateway  
  48  4:31  Gateway  
  50  4:34  Assimilator  
  50  4:36  Extended Thermal Lance  
  50  4:37  Probe  
  50  4:38  Probe  
  52  4:42  Probe  
  53  4:49  Probe  
  53  4:50  Probe  
  53  4:52  Disruptor  
  58  4:55  Probe  
  58  4:58  Stalker  
  61  5:01  Probe  
  61  5:02  Probe  
  63  5:08  Probe  
  63  5:13  Shield Battery x2  
  64  5:17  Pylon  
  64  5:19  Pylon  
  64  5:23  Forge  
  58  5:31  Stalker  
  58  5:32  Stalker x2  
  58  5:33  Colossus (Chrono Boost)  
  61  5:41  Probe x2  
  61  5:42  Probe  
  69  5:53  Probe  
  63  5:57  Stalker  
  63  5:58  Stalker x2  
  66  6:05  Probe x2  
  66  6:06  Probe  
  66  6:09  Protoss Ground Weapons Level 1 (Chrono Boost)  
  66  6:10  Twilight Council  
  69  6:12  Pylon  
  69  6:17  Pylon, Probe  
  70  6:24  Probe x2  
  70  6:29  Probe  
  68  6:35  Colossus  
  74  6:40  Robotics Facility  
  74  6:41  Probe x2, Blink (Chrono Boost)  
  74  6:43  Robotics Facility  
  74  6:44  Assimilator  
  74  6:46  Zealot x2  
  73  6:59  Probe x3  
  76  7:11  Stalker x3, Probe  
  81  7:44  Immortal x3  
  85  7:50  Probe x2  
  87  7:55  Probe  
  88  8:02  Probe x2  
  88  8:03  Protoss Ground Weapons Level 2 (Chrono Boost)  
  90  8:07  Forge, Probe, Nexus  
  90  8:12  Pylon  
  91  8:14  Probe x2  
  91  8:15  Pylon  
  91  8:19  Stalker x2  
  97  8:21  Stalker  
  99  8:27  Observer  
  99  8:30  Disruptor x2  
  99  8:34  Pylon  
  105  8:35  Shield Battery  
  105  8:40  Probe x3  
  108  8:43  Assimilator  
  108  8:46  Pylon  
  94  8:56  Disruptor  
  94  8:58  Zealot x2  
  94  9:04  Zealot  
  94  9:05  Disruptor  
  74  9:29  Colossus  
  76  9:37  Probe x2 (Chrono Boost)  
  60  10:17  Probe x2  
  50  10:21  Sentry x2  
  48  10:29  Probe x2  
  50  10:35  Stalker  
  50  10:41  Probe  
Show
View Real Time Build Order
Export as new Build Order

ShipRiteMike Zerg - Winner!

Build Orders: Hatch First 

Get SALT Encoding   

  12  0:01  Drone  
  13  0:12  Overlord  
  13  0:16  Drone  
  14  0:30  Drone x2  
  14  0:34  Drone  
  17  0:54  Hatchery  
  16  0:57  Drone  
  16  0:59  Drone  
  16  1:02  Extractor  
  17  1:15  Spawning Pool  
  16  1:20  Drone  
  16  1:23  Drone  
  18  1:30  Drone  
  19  1:35  Evolution Chamber  
  19  1:38  Drone  
  19  1:51  Drone  
  20  2:00  Drone  
  21  2:05  Queen  
  21  2:06  Zerg Melee Weapons Level 1  
  21  2:08  Drone  
  24  2:11  Drone  
  25  2:18  Zergling x2  
  26  2:23  Drone  
  27  2:30  Overlord  
  27  2:35  Zergling x2  
  28  2:48  Queen  
  28  2:50  Metabolic Boost  
  30  2:52  Drone x3  
  33  3:01  Drone x2  
  33  3:05  Drone  
  36  3:28  Overlord x2  
  36  3:32  Hatchery  
  35  3:36  Drone  
  35  3:45  Baneling Nest  
  34  3:50  Drone x7  
  41  4:02  Queen  
  43  4:04  Overlord x2  
  43  4:13  Zergling x8  
  43  4:16  Zerg Ground Armor Level 1  
  47  4:18  Zergling x2  
  48  4:25  Zergling x2  
  48  4:26  Zergling x2  
  50  4:39  Zergling x4  
  50  4:45  Zergling x4  
  54  4:47  Queen  
  54  4:48  Overlord  
  56  4:57  Zergling x6  
  56  5:08  Zergling x12  
  56  5:09  Zergling x4  
  64  5:15  Zergling x2  
  65  5:21  Zergling x6  
  65  5:27  Zergling x2  
  67  5:32  Zergling x2  
  67  5:33  Zergling x2  
  67  5:34  Zergling x4  
  68  5:37  Zergling x8  
  68  5:41  Zergling x2  
  71  5:46  Zergling x2  
  71  5:47  Zergling x2  
  71  5:49  Zergling x2  
  65  5:56  Zergling x4  
  62  5:59  Zergling x2  
  59  6:08  Zergling x4  
  59  6:09  Zergling x2  
  62  6:21  Zergling x6  
  62  6:25  Zergling x6  
  66  6:27  Zergling x6  
  66  6:29  Zergling x4  
  66  6:32  Zergling x2  
  67  6:39  Zergling x8  
  68  6:41  Zergling x2  
  69  6:49  Zergling x2  
  69  6:53  Zergling x4  
  71  6:56  Drone x6  
  75  7:02  Zergling x2  
  76  7:10  Zergling x6  
  76  7:13  Zerg Missile Weapons Level 1  
  73  7:20  Zergling x6  
  71  7:28  Zergling x8  
  69  7:32  Zergling x6  
  69  7:34  Zergling x4  
  69  7:36  Zergling x2  
  65  7:46  Drone x3  
  68  7:59  Lair  
  68  8:01  Drone x6  
  74  8:24  Drone  
  74  8:25  Zergling x14  
  74  8:26  Overlord x5  
  74  8:27  Overlord  
  82  8:30  Lair  
  82  8:33  Hatchery  
  81  8:37  Zergling x2  
  81  8:39  Overlord x3  
  82  8:44  Zergling x4  
  82  8:45  Zergling x2  
  85  8:52  Zergling x6  
  85  8:54  Zergling x6  
  86  8:55  Zergling x2  
  86  8:56  Zergling x6  
  86  8:58  Zergling x4  
  81  9:11  Zergling x6  
  71  9:18  Zergling x4  
  71  9:22  Drone x4  
  71  9:24  Drone x5  
  79  9:32  Baneling x5  
  79  9:33  Baneling x8  
  79  9:34  Zergling x8  
  79  9:36  Hatchery  
  79  9:38  Hatchery  
  81  9:41  Zergling x2, Hydralisk Den  
  81  9:43  Infestation Pit  
  80  9:47  Zergling x4  
  82  9:55  Zergling x10  
  81  10:03  Zergling x2  
  81  10:04  Zergling x6  
  72  10:07  Zergling x2  
  72  10:09  Zergling x2  
  72  10:14  Zergling x2  
  73  10:18  Zergling x8  
  73  10:20  Zergling x8  
  78  10:23  Zergling x6  
  78  10:25  Zergling x2  
  78  10:30  Drone  
  78  10:32  Zergling x2  
  75  10:38  Drone x2  
  77  10:44  Drone x3  
  77  10:47  Hydralisk  
  82  10:53  Lurker Den  
  82  10:55  Extractor  
  82  10:56  Extractor  
  79  10:57  Extractor  
  79  10:58  Extractor  
  79  10:59  Drone  
  79  11:00  Extractor  
Show
View Real Time Build Order
Export as new Build Order

StickLane Protoss - Winner!

Build Orders: 1 Gate Expand, Blink Stalkers 

Get SALT Encoding   

  12  0:00  Probe  
  13  0:12  Probe  
  14  0:17  Pylon  
  14  0:24  Probe  
  15  0:36  Probe (Chrono Boost)  
  15  0:40  Gateway  
  16  0:45  Assimilator  
  17  0:50  Probe (Chrono Boost)  
  17  0:55  Probe (Chrono Boost)  
  18  1:05  Probe  
  19  1:17  Probe  
  20  1:25  Nexus  
  20  1:38  Cybernetics Core  
  20  1:53  Assimilator  
  20  1:54  Probe  
  21  2:06  Probe  
  22  2:17  Warp Gate  
  22  2:18  Probe  
  22  2:22  Pylon  
  23  2:26  Pylon  
  23  2:34  Twilight Council  
  23  2:37  Stalker, Probe (Chrono Boost)  
  23  2:38  Probe (Chrono Boost)  
  27  2:48  Probe x2 (Chrono Boost), Shield Battery  
  29  2:52  Probe (Chrono Boost)  
  29  2:53  Probe (Chrono Boost)  
  31  3:03  Pylon, Probe  
  31  3:04  Probe  
  33  3:07  Stalker  
  35  3:15  Probe  
  35  3:17  Probe, Blink (Chrono Boost)  
  37  3:27  Probe  
  37  3:32  Gateway  
  38  3:36  Pylon  
  38  3:38  Probe (Chrono Boost)  
  40  3:42  Probe (Chrono Boost)  
  40  3:46  Stalker  
  42  3:50  Probe (Chrono Boost)  
  44  3:57  Probe x2 (Chrono Boost)  
  45  4:04  Nexus  
  45  4:07  Probe x2  
  47  4:11  Pylon  
  47  4:19  Probe x2  
  47  4:22  Robotics Facility  
  49  4:29  Forge, Stalker  
  52  4:31  Probe (Chrono Boost)  
  52  4:36  Probe (Chrono Boost)  
  52  4:38  Stalker  
  55  4:42  Probe (Chrono Boost)  
  55  4:45  Probe (Chrono Boost), Gateway  
  57  4:46  Pylon  
  57  5:03  Charge (Chrono Boost), Stalker x2  
  57  5:05  Probe x2  
  63  5:17  Probe x2, Shield Battery  
  63  5:20  Gateway  
  65  5:21  Gateway  
  65  5:24  Pylon  
  65  5:29  Probe x2  
  65  6:07  Stalker x3, Probe  
  65  6:08  Probe  
  71  6:12  Protoss Ground Weapons Level 1 (Chrono Boost)  
  71  6:15  Observer  
  71  6:17  Pylon  
  72  6:19  Probe, Nexus  
  72  6:20  Probe  
  72  6:21  Gateway x2  
  72  6:23  Pylon  
  72  6:24  Pylon, Gateway  
  72  6:25  Gateway  
  74  6:32  Probe x2  
  76  6:37  Zealot x2  
  76  6:39  Nexus  
  80  6:41  Pylon  
  80  6:43  Pylon  
  80  6:44  Probe x2  
  80  6:46  Pylon  
  82  6:48  Photon Cannon  
  82  6:50  Photon Cannon  
  82  6:54  Shield Battery  
  82  6:56  Probe x2  
  84  7:03  Stalker x4  
  84  7:08  Probe, Zealot  
  87  7:46  Zealot x8  
  87  7:47  Probe x3, Zealot  
  106  7:52  Probe  
  107  7:59  Probe x3  
  107  8:01  Templar Archives  
  107  8:03  Gateway  
  107  8:04  Probe (Chrono Boost)  
  111  8:05  Gateway  
  111  8:06  Observer (Chrono Boost)  
  111  8:09  Zealot x2  
  111  8:10  Zealot x4  
  127  8:13  Probe (Chrono Boost), Gateway  
  127  8:16  Pylon, Probe x3 (Chrono Boost)  
  127  8:18  Zealot x3  
  127  8:19  Immortal (Chrono Boost)  
  134  8:22  Pylon  
  134  8:25  Pylon  
  134  8:26  Probe (Chrono Boost)  
  139  8:30  Stalker x5  
  149  8:39  Stalker x2  
  149  8:40  Stalker  
  151  8:56  Warp Prism  
  153  9:06  Zealot x7  
  153  9:07  Zealot x2  
  171  9:18  Zealot  
  171  9:19  Zealot x2  
  177  9:32  Stalker x5  
  177  9:33  Stalker  
  177  9:34  Zealot x3  
  189  9:48  Nexus  
  189  9:49  Pylon  
  165  9:57  Pylon  
  151  10:08  Photon Cannon  
  151  10:10  Photon Cannon  
  151  10:12  Zealot x2  
  151  10:13  Zealot x10  
  119  10:40  Zealot x3  
  119  10:41  Zealot x4  
  119  10:42  Zealot x3  
  115  11:07  Stalker x6  
  115  11:08  Stalker x2  
Tags
 
Add a new tag
Caveats
  • Supply blocks, unpowered buildings, or Contaminate may cause inaccurate times.
  • Supply counts are checked every 10 seconds.